 Dungeon Sprint DCSS version 0.22-a0-456-g11ed031 (webtiles) character file.

1876 Kidiri the Fighter (level 9, -1/93 HPs)
             Began as a Naga Fighter on June 6, 2018.
             Was an Elder of Cheibriados.
             Slain by a shadow wraith (11 damage)
             ... summoned by a mummy priest
             ... in the Dungeon (Sprint V: "Ziggurat Sprint").
             The game lasted 00:03:54 (541 turns).

Kidiri the Fighter (Naga Fighter)                    Turns: 541, Time: 00:03:54

Health: -1/93      AC: 26    Str: 34    XL:     9   Next: 14%
Magic:  9/9        EV:  6    Int: 17    God:    Cheibriados [****..]
Gold:   0          SH: 32    Dex: 29    Spells: 8/8 levels left

rFire    . . .     SeeInvis +   I - +9 sword of Zonguldrok {reap}
rCold    . . .     Gourm    .   G - +18 shield of the Gong {rElec rN+ MR+ EV-5}
rNeg     + . .     Faith    .   F - +15 Maxwell's patent armour {-Cast -Tele rElec MR+ rCorr}
rPois    +         Spirit   .   (no helmet)
rElec    +         Reflect  .   (no cloak)
rCorr    +         Harm     .   (no gloves)
MR       +++..     NoTele   +   (no barding) Stlth ..........NoCast +
                                (no amulet)
HPRegen  0.25/turn              A - +6 ring of strength
MPRegen  0.11/turn              w - +6 ring of dexterity

@: very slow
A: large, see invisible, deformed body, poison resistance, slowness 2, slow
metabolism 1, spit poison 1, AC +3
a: Spit Poison, Bend Time, Temporal Distortion, Slouch, Renounce Religion


You were in the Dungeon.
You worshipped Cheibriados.
Cheibriados was greatly pleased with you.
You were not hungry.

You visited 1 branch

Inventory:

Hand Weapons
 I - the +9 sword of Zonguldrok (weapon) {reap}
   (You found it in the Dungeon)

   If a monster killed with it leaves a corpse in good enough shape, the corpse
   will be animated as a zombie friendly to the killer.
 J - the +7 Singing Sword
   (You found it in the Dungeon)
Armour
 F - the +15 Maxwell's patent armour (worn) {-Cast -Tele rElec MR+ rCorr}
   (You found it in the Dungeon)

   It insulates you from electricity.
   It affects your resistance to hostile enchantments.
   It prevents spellcasting.
   It prevents most forms of teleportation.
   It protects you from acid and corrosion.
 G - the +18 shield of the Gong (worn) {rElec rN+ MR+ EV-5}
   (You found it in the Dungeon)

   It affects your evasion (-5).
   It insulates you from electricity.
   It protects you from negative energy.
   It affects your resistance to hostile enchantments.
Jewellery
 a - an uncursed amulet of the acrobat
 w - a +6 ring of dexterity (right hand)
 x - a +6 ring of dexterity
 y - a +6 ring of intelligence
 z - a +6 ring of intelligence
 A - a +6 ring of strength (left hand)
 B - a +6 ring of strength
Wands
 C - a wand of disintegration (7)
 D - a wand of iceblast (7)
 E - a wand of acid (7)
Scrolls
 k - 4 scrolls of blinking
 q - 4 scrolls of amnesia
 r - 7 scrolls of fog
 s - a scroll of holy word
 t - 5 scrolls of identify
 u - 5 scrolls of remove curse
 v - 2 scrolls of fear
Potions
 d - 6 potions of might
 e - 10 potions of curing
 g - 8 potions of heal wounds
 i - 7 potions of magic
 l - 2 potions of brilliance
 m - 2 potions of invisibility
 n - 4 potions of resistance
 p - 5 potions of agility
Comestibles
 f - 7 rations


   Skills:
 * Level 10.1 Fighting
 * Level 9.8 Long Blades
 * Level 8.4 Armour
 + Level 5.5 Dodging
 * Level 8.5 Shields


You had 8 spell levels left.
You didn't know any spells.
Your spell library was empty.

Dungeon Overview and Level Annotations

Branches:
Dungeon (1/1)

Altars:
Ashenzari
Cheibriados
Dithmenos
Elyvilon
Fedhas
Gozag
Hepliaklqana
Kikubaaqudgha
Makhleb
Nemelex Xobeh
Okawaru
Qazlal
Ru
Sif Muna
Trog
Uskayaw
Vehumet
Wu Jian
Xom
Yredelemnul
Zin
The Shining One
Beogh
Jiyva
Lugonu

Annotations:
D 1 transporter


Innate Abilities, Weirdness & Mutations

You cannot wear boots.
Your serpentine skin is tough. (AC +3)
You have supernaturally acute eyesight. (SInv)
Armour fits poorly on your strangely shaped body.
Your system is resistant to poisons. (rPois)
You cover ground very slowly.
You have a slow metabolism.
You can spit poison.


Message History

PTOANNNG!
You block the shadow wraith's attack.
BONNNG!
You block the mummy's attack.
GONNNNG!
The shadow wraith barely misses you.
You riposte.
You slash the shadow wraith!
The shadow wraith is moderately damaged.
The flayed ghost stares at you with tortured malice.
Unknown command.
You fail to use your ability.
You block the sun demon's attack.
SHROANNG!
You block the hellwing's attack.
GONNNNG!
The hellwing hits you but does no damage.
You block the quokka simulacrum's attack.
PTOANNNG!
You block the mummy priest's attack.
SHROANNG!
The shadow wraith hits you!
You die...

▓.....▓.....▓.....▓
▓.....▓.....▓..©..▓
▓..©..▓..©..▓▓▓▓▓▓▓
▓▓▓▓▓▓▓▓▓▓▓▓▓▓
▓..8©8...▓
▓..::|...▓
▓..VWZ...▓
▓..WMW4..▓
▓.W3@M...▓
▓.▓Z4n.▓.▓
▓...©....▓
▓▓▓▓▓▓▓▓▓▓


You could see a mummy priest, a jiangshi, a flayed ghost, a sun demon, 2 shadow
wraiths, 2 hellwings, a necrophage, a shadow (invisible), a mummy, a quokka
simulacrum and an adder skeleton.

Vanquished Creatures
  A deep elf demonologist (D)
  A rime drake (D)
  A slime creature (D)
  A floating eye (D)
  A swamp drake (D)
  A quasit (D)
  A mummy (D)
  An ooze (D)
  An adder zombie (D)
9 creatures vanquished.

Vanquished Creatures (collateral kills)
  A rime drake (D)
1 creature vanquished.

Vanquished Creatures (others)
  A steam dragon (D)
1 creature vanquished.

Grand Total: 11 creatures vanquished

Notes
Turn   | Place    | Note
-------+----------+-------------------------------------------
     0 | D        | Found the +6 Majin-Bo {vamp, Archmagi MP+6 Int+6}
     0 | D        | Found the +7 great mace "Firestarter" {inner flame, rF++}
     0 | D        | Kidiri the Naga Fighter began the quest for the Orb.
     0 | D        | Reached XP level 1. HP: 21/21 MP: 1/1
     0 | D        | Found a deep blue altar of Sif Muna.
     0 | D        | Found a bloodstained altar of Trog.
     0 | D        | Found a sacrificial altar of Ru.
     0 | D        | Found a stormy altar of Qazlal.
     0 | D        | Found an iron altar of Okawaru.
     1 | D        | Found a sparkling altar of Nemelex Xobeh.
     1 | D        | Found a blossoming altar of Fedhas.
     3 | D        | Found a transporter.
     3 | D        | Found an ancient bone altar of Kikubaaqudgha.
     3 | D        | Found a viscous altar of Jiyva.
     3 | D        | Found a corrupted altar of Lugonu.
     3 | D        | Found a hazy altar of Hepliaklqana.
     3 | D        | Found a burning altar of Makhleb.
     3 | D        | Found an opulent altar of Gozag.
    26 | D        | Found the +9 heavy crossbow "Sniper" {velocity, Acc+∞ SInv}
    26 | D        | Found the +10 dark maul {crush}
    26 | D        | Found the +15 Maxwell's patent armour {-Cast -Tele rElec MR+ rCorr}
    26 | D        | Found the +18 shield of the Gong {rElec rN+ MR+ EV-5}
    26 | D        | Found the cursed +14 obsidian axe {chop, +Fly SInv *Curse}
    28 | D        | Found the +6 shillelagh "Devastator" {shatter}
    28 | D        | Found the +11 plutonium sword {*Contam Stlth-}
    28 | D        | Found the +8 lance "Wyrmbane" {slay drac, rPois rF+ rC+ AC+3}
    28 | D        | Found the +9 sword of Zonguldrok {reap}
    28 | D        | Found the cursed +13 scythe of Curses {drain, *Curse}
    28 | D        | Found the +0 sword of Power
    28 | D        | Found the +11 mace of Variability {chaos}
    28 | D        | Found the +7 Singing Sword
    28 | D        | Found the +7 longbow "Piercer" {penet, EV-2}
    81 | D        | Became a worshipper of Cheibriados the Contemplative
    87 | D        | Reached skill level 4 in Fighting
    87 | D        | Reached skill level 1 in Dodging
    87 | D        | Reached XP level 2. HP: 31/31 MP: 2/2
   101 | D        | Entered arena 2.
   101 | D        | Noticed a deep elf demonologist
   101 | D        | Found a transporter.
   103 | D        | Noticed an orange demon
   103 | D        | Noticed a rust devil
   104 | D        | Killed a deep elf demonologist
   104 | D        | Reached skill level 8 in Fighting
   104 | D        | Reached XP level 3. HP: 36/45 MP: 3/3
   104 | D        | Reached XP level 4. HP: 43/54 MP: 4/4
   104 | D        | Reached XP level 5. HP: 49/61 MP: 5/5
   104 | D        | Reached XP level 6. HP: 55/68 MP: 6/6
   104 | D        | Reached XP level 7. HP: 60/75 MP: 7/7
   104 | D        | Reached XP level 8. HP: 68/84 MP: 8/8
   110 | D        | Reached * piety under Cheibriados
   110 | D        | Reached skill level 9 in Fighting
   173 | D        | Entered arena 3.
   173 | D        | Noticed a slime creature
   173 | D        | Found a transporter.
   176 | D        | Reached ** piety under Cheibriados
   182 | D        | Killed a slime creature
   182 | D        | Reached skill level 5 in Dodging
   188 | D        | Entered arena 4.
   188 | D        | Noticed a rime drake
   188 | D        | Noticed a rime drake
   188 | D        | Found a transporter.
   200 | D        | Killed a rime drake
   200 | D        | Reached XP level 9. HP: 21/93 MP: 9/9
   202 | D        | Killed a rime drake
   202 | D        | Reached *** piety under Cheibriados
   202 | D        | Reached skill level 10 in Fighting
   526 | D        | Entered arena 5.
   526 | D        | Noticed a mummy priest
   526 | D        | Found a transporter.
   528 | D        | Noticed a sun demon
   528 | D        | Noticed a hellwing
   532 | D        | Reached **** piety under Cheibriados
   533 | D        | Noticed a shadow wraith
   536 | D        | Noticed a flayed ghost
   536 | D        | Noticed a shadow wraith
   539 | D        | Noticed a jiangshi
   539 | D        | Noticed a flayed ghost
   540 | D        | Noticed a hellwing
   541 | D        | Slain by a shadow wraith

Vault maps used:
D:        sprint_v

Skill      XL: |  1  2  3  4  5  6  7  8  9 |
---------------+----------------------------+-----
Fighting       | 4 8 9 10 | 10.1
Long Blades    | 4 8 9 |  9.8
Armour         | 3 7 8 |  8.4
Dodging        | 1 4 5 |  5.5
Shields        | 3 7 8 |  8.5

Action                   |  1- 3 |  4- 6 |  7- 9 || total
-------------------------+-------+-------+-------++-------
Melee: Double sword      |     2 |       |    33 ||    35
 Abil: Spit Poison       |       |       |     1 ||     1
  Use: Potion            |     1 |       |     2 ||     3
 Stab: Confused          |       |       |     1 ||     1
Armor: Plate armour      |     6 |       |    25 ||    31
Dodge: Dodged            |     2 |       |     8 ||    10
Block: Shield            |     7 |       |    94 ||   101
       Rpst.: Double sword |     1 |       |     1 ||     2

Table legend:
 A = Spawn XP
 B = Non-spawn XP
 C = Spawn XP percentage of total XP
 D = Spawn monster count
 E = Non-spawn monster count
 F = Spawn count percentage of total count
 G = Total turns spent on level
                    A         B        C        D         E        F      G
               +---------+---------+-------+---------+---------+-------+---------
         Total |       0 |    2670 |   0.0 |       0 |      11 |   0.0 |   541
               +---------+---------+-------+---------+---------+-------+---------
             D |       0 |    2670 |   0.0 |       0 |      11 |   0.0 |   541
               +---------+---------+-------+---------+---------+-------+---------
